 Dungeon Crawl Stone Soup version 0.26-a0-694-g74916bafe0 (webtiles) character file.

Game seed: 5606771689886853069

11753 Descartes the Covert (level 11, 0/35 (36) HPs)
             Began as a Felid Ice Elementalist on Oct 25, 2020.
             Was the Champion of Jiyva.
             Slain by a troll (8 damage)
             ... on level 11 of the Dungeon.
             The game lasted 01:00:56 (18140 turns).

Descartes the Covert (Felid Ice Elementalist)      Turns: 18140, Time: 01:00:57

HP:   0/35 (36)     AC:  2    Str:  7    XL:     11   Next: 53%
MP:   19/19         EV: 31    Int: 18    God:    Jiyva [******]
Gold: 389           SH:  0    Dex: 24    Spells: 7/20 levels left
                                        Lives: 0   Deaths: 3

rFire    x . .     SeeInvis +     - Unarmed
rCold    + . .     Faith    .   (shield unavailable)
rNeg     . . .     Spirit   .   (armour unavailable)
rPois    +         Reflect  .   (helmet unavailable)
rElec    .         Harm     .   (cloak unavailable)
rCorr    +         Rampage  .   (gloves unavailable)
MR       +....                  (boots unavailable)
Stlth    +++++++++.             F - amulet of the acrobat
HPRegen  0.11/turn              w - ring of Shadows {Umbra +Inv Stlth+}
MPRegen  0.16/turn              H - ring of False Pretenses {Ice rPois Dex+8 Stlth-}

@: wreathed by umbra, quick
A: very small, no armour, no weapons or thrown items, stealth, claws 1, fangs 3,
see invisible, speed 1, frail 1, shaggy fur 2, jelly sensing items, jelly
absorbing missiles, sharp paws
a: Request Jelly, Slimify, Cure Bad Mutation, Renounce Religion, Evoke
Invisibility


You were on level 11 of the Dungeon.
You worshipped Jiyva.
Jiyva was exalted by your worship.
You visited 3 branches of the dungeon, and saw 15 of its levels.
You also visited: Sewer.

You collected 499 gold pieces.
You spent 110 gold pieces at shops.

Inventory:

Missiles
 c - 275 stones
 e - 193 arrows
Jewellery
 w - the ring of Shadows (left paw) {Umbra +Inv Stlth+}
   (You found it on level 4 of the Dungeon)

   [ring of stealth]

   It lets you turn invisible.
   It makes you more stealthy.
 C - a +4 ring of protection
 F - an amulet of the acrobat (around neck)
 H - the ring of False Pretenses (right paw) {Ice rPois Dex+8 Stlth-}
   (You found it on level 1 of the Lair of Beasts)

   [ring of ice]

   It enhances your ice magic.
   It affects your dexterity (+8).
   It makes you vulnerable to fire.
   It protects you from cold.
   It protects you from poison.
   It makes you less stealthy.
Wands
 y - a wand of polymorph (12)
 A - a wand of random effects (64)
 G - a wand of acid (5)
Scrolls
 f - a scroll of fog {unknown}
 h - a scroll of fear
 i - 4 scrolls of remove curse {unknown}
 j - 5 scrolls of teleportation
 k - 4 scrolls of amnesia
 l - 3 scrolls of immolation
 o - 3 scrolls of vulnerability {unknown}
 p - 2 scrolls of random uselessness {unknown}
 q - 2 scrolls of magic mapping
 t - a scroll of blinking
 D - a scroll of enchant armour {unknown}
 I - a scroll of noise {unknown}
Potions
 a - 8 potions of curing
 b - a potion of flight
 d - a potion of invisibility
 g - 4 potions of brilliance
 m - 3 potions of cancellation
 n - 3 potions of stabbing
 r - 2 potions of haste {unknown}
 s - a potion of lignification {unknown}
 u - 3 potions of might
 v - 4 potions of heal wounds
 x - 3 potions of ambrosia
 z - a potion of resistance {unknown}
 B - a potion of mutation {unknown}
 E - a potion of berserk rage {unknown}
Miscellaneous
 J - a condenser vane (1/2)
 K - a condenser vane (1/2)


   Skills:
 + Level 11.9 Dodging
 + Level 13.1 Stealth
 + Level 8.3 Unarmed Combat
 - Level 5.0 Spellcasting
 - Level 10.0 Ice Magic
 - Level 5.0 Evocations


You had 7 spell levels left.
You knew the following spells:

 Your Spells              Type           Power        Failure   Level
a - Freeze                Ice            ####         1%          1
b - Frozen Ramparts       Ice            ######       1%          3
c - Absolute Zero         Ice            ######....   100%        9

Your spell library contained the following spells:

 Spells                   Type           Power        Failure   Level
 Ozocubu's Armour         Ice            ######..     1%          3
 Summon Small Mammal      Summ           #...         13%         1
 Hailstorm                Conj/Ice       ####....     17%         4
 Summon Ice Beast         Ice/Summ       ####....     17%         4
 Call Imp                 Summ           #.......     21%         2
 Call Canine Familiar     Summ           #.......     36%         3
 Summon Guardian Golem    Hex/Summ       #.......     36%         3
 Summon Lightning Spire   Summ/Air       #.......     78%         4
 Chain Lightning          Conj/Air       #.........   100%        8
 Lehudib's Crystal Spear  Conj/Erth      #.........   100%        8
 Fire Storm               Conj/Fire      #.........   100%        9


Dungeon Overview and Level Annotations

Branches:
Dungeon (11/15)            Temple (1/1) D:7            Lair (3/6) D:9
    Orc (0/2) D:10          Sewer (visited)
  Swamp: Lair:2-4    Shoals: Lair:2-4     Snake: Lair:2-4    Spider: Lair:2-4

Altars:
Ashenzari
Dithmenos
Gozag
Hepliaklqana
Kikubaaqudgha
Makhleb
Nemelex Xobeh
Okawaru
Ru
Sif Muna
Trog
Vehumet
Yredelemnul
Zin
The Shining One
Jiyva

Shops:
D:7 ?   D:9 (*

Annotations:
D:11 1 runed translucent door
Lair:1 exclusion: 3 oklob plants
Lair:2 2 transporters


Innate Abilities, Weirdness & Mutations

You cannot wear armour.
You are incapable of wielding weapons or throwing items.
Your paws allow you to move quietly. (Stealth)
You have sharp claws.
You have razor-sharp teeth.
You have supernaturally acute eyesight. (SInv)
You cover ground quickly.
You are covered in thick fur. (AC +2)
Your sharp claws are effective at attacking unaware monsters.
You are frail. (-10% HP)
You have a small jelly attached to you that senses nearby items.
You have a small jelly attached to you that may absorb incoming projectiles.


Message History

No target in view!
There is an open door here.
The troll shouts!
The troll completely misses you. x3
You scratch the troll. Your bite misses the troll.
The troll is lightly wounded.
The troll barely misses you. The troll completely misses you.
The troll misses you.
You claw the troll!
The troll is moderately wounded.
The troll misses you. The troll completely misses you. x2
You scratch the troll. You bite the troll, but do no damage.
The troll is moderately wounded.
The troll bites you!
You shudder from the blow and a jelly pops out!
The troll claws you!
* * * LOW HITPOINT WARNING * * *
You shudder from the blow and a jelly pops out!
The troll claws you!
You die...

.#....#
#..'.##.#
#..#.##.#
#..#.##.#
####....#
#..#....#
########..#....#
#....J....#.##.#
+.JT@.....'....#
########..#....#
#>.#....# ∆
....#....#
.....#.##.#
.......#.# .#
.......#.# .#
.......#..


You could see a troll, a friendly azure jelly (summoned) and a friendly death
ooze (summoned).

Vanquished Creatures
  2 hydras
  3 black mambas (Lair:2)
  Psyche (D:8)
  A rime drake (Lair:2)
  5 cane toads (Lair:1)
  5 komodo dragons
  A troll (D:9)
  5 blink frogs (Lair:2)
  10 yaks
  2 wyverns
  2 basilisks
  Edmund (D:4)
  A warg (D:9)
  7 water moccasins
  3 orc warriors
  3 ice beasts
  A sky beast (D:7)
  2 phantoms (D:10)
  3 necrophages
  6 ogres
  3 centaurs
  2 big kobolds (Sewer)
  Blork the orc (D:5)
  8 bullfrogs
  2 scorpions
  19 killer bees
  9 wights
  An electric eel (Lair:2)
  2 howler monkeys
  4 bullfrog zombies
  2 hounds
  A centaur skeleton (D:5)
  2 jellies
  7 orc priests
  12 orc wizards
  5 iguanas
  11 worker ants
  3 mummies (D:8)
  3 hound zombies
  A worker ant zombie (D:8)
  4 gnolls (D:3)
  A howler monkey skeleton (D:5)
  6 adders
  2 shadow imps (D:5)
  2 ufetubi
  3 oozes
  An adder zombie (D:5)
  2 adder skeletons
  3 worms
  A dart slug (D:2)
  5 leopard geckos
  29 orcs
  6 ball pythons
  6 giant cockroaches
  8 goblins
  11 hobgoblins
  18 jackals
  17 kobolds
  A quokka (D:9)
  7 bats
  9 frilled lizards
  A leopard gecko zombie (D:6)
  9 rats
314 creatures vanquished.

Vanquished Creatures (others)
  Joseph (D:8)
  A basilisk (Lair:1)
  A warg (D:9)
  A sky beast (D:8)
  3 bullfrogs
  19 jellies
  4 killer bees (D:10)
  A wight (D:8)
  A bullfrog zombie (D:8)
  2 mummies (D:8)
  An adder (D:8)
  A shadow imp (D:10)
  A white imp (D:10)
  2 butterflies (Lair:2)
  23 fungi
  49 plants
  3 withered plants (D:8)
114 creatures vanquished.

Grand Total: 428 creatures vanquished

Notes
Turn   | Place    | Note
-------+----------+-------------------------------------------
     0 | D:1      | Descartes the Felid Ice Elementalist began the quest for
                  | the Orb.
     0 | D:1      | Reached XP level 1. HP: 7/7 MP: 4/4
   153 | D:1      | Reached skill level 3 in Stealth
   153 | D:1      | Reached XP level 2. HP: 5/11 MP: 0/6
  1070 | D:1      | Reached XP level 3. HP: 14/14 MP: 2/7
  1809 | D:2      | Learned a level 3 spell: Frozen Ramparts
  1878 | D:2      | Reached XP level 4. HP: 11/18 MP: 3/8
  1989 | D:2      | Found a burning altar of Makhleb.
  2332 | D:2      | Reached skill level 4 in Stealth
  3207 | D:3      | Found a glowing golden altar of the Shining One.
  3237 | D:3      | Reached XP level 5. HP: 21/21 MP: 7/10
  3837 | D:4      | Noticed Edmund
  3849 | D:4      | Slain by Edmund
  3850 | D:4      | Reached XP level 4. HP: -3/18 MP: 1/9
  3897 | D:4      | Reached skill level 5 in Ice Magic
  3897 | D:4      | Reached XP level 5. HP: 17/21 MP: 5/10
  3922 | D:4      | Found a glowing drain.
  3934 | Sewer    | Entered a sewer
  4342 | Sewer    | Reached skill level 5 in Stealth
  4343 | Sewer    | Gained mutation: You are covered in thick fur. (AC +2)
                  | [Felid growth]
  4343 | Sewer    | Reached XP level 6. HP: 21/24 MP: 1/12
  4869 | D:4      | Killed Edmund
  4869 | D:4      | Reached skill level 5 in Dodging
  5047 | D:4      | Reached XP level 7. HP: 27/27 MP: 6/13
  5181 | D:4      | Found a sacrificial altar of Ru.
  5182 | D:4      | Found the ring of Shadows {Umbra +Inv Stlth+}
  5424 | D:5      | Entered Level 5 of the Dungeon
  5449 | D:5      | Reached skill level 6 in Stealth
  7185 | D:5      | Noticed Blork the orc
  7204 | D:5      | Killed Blork the orc
  7204 | D:5      | Reached skill level 1 in Unarmed Combat
  8449 | D:6      | Reached XP level 8. HP: 25/31 MP: 9/15
  8635 | D:6      | Found a radiant altar of Vehumet.
  8669 | D:6      | Found a basalt altar of Yredelemnul.
  8681 | D:6      | Found a glowing silver altar of Zin.
  8733 | D:6      | Reached skill level 7 in Stealth
  8733 | D:6      | Reached skill level 1 in Evocations
 10039 | D:6      | Found a bloodstained altar of Trog.
 10055 | D:6      | Found an opulent altar of Gozag.
 10354 | D:7      | Found Cashrody's Magic Scroll Emporium.
 10359 | D:7      | Bought a scroll of blinking for 75 gold pieces
 10359 | D:7      | Bought a scroll of immolation for 35 gold pieces
 10594 | D:7      | Found a staircase to the Ecumenical Temple.
 10607 | Temple   | Entered the Ecumenical Temple
 10619 | Temple   | Became a worshipper of Jiyva Jusy the Shapeless
 10851 | D:7      | Reached skill level 5 in Spellcasting
 10851 | D:7      | Reached XP level 9. HP: 34/34 MP: 17/17
 11243 | D:8      | Reached skill level 8 in Stealth
 11373 | D:8      | Found an iron altar of Okawaru.
 11416 | D:8      | Noticed Joseph
 11419 | D:8      | Reached * piety under Jiyva
 11436 | D:8      | Slain by Joseph
 11437 | D:8      | Reached XP level 8. HP: -5/31 MP: 10/16
 11444 | D:8      | Killed Joseph
 11507 | D:8      | Reached ** piety under Jiyva
 11510 | D:8      | Found a shadowy altar of Dithmenos.
 11512 | D:8      | Noticed Psyche
 11516 | D:8      | Killed Psyche
 11619 | D:8      | Reached *** piety under Jiyva
 11628 | D:8      | Gained mutation: You have a small jelly attached to you
                  | that senses nearby items. [Jiyva's grace]
 11629 | D:8      | Reached XP level 9. HP: 34/34 MP: 10/17
 11644 | D:8      | Reached skill level 9 in Stealth
 12171 | D:9      | Noticed a troll
 12210 | D:9      | Killed a troll
 12252 | D:9      | Found Movvuuh's Antique Weapon Boutique.
 12375 | D:9      | Found a staircase to the Lair.
 13092 | D:9      | Found Wageum's Whimsical Warehouse.
 13114 | D:9      | Gained mutation: Your system is resistant to poisons.
                  | (rPois) [Jiyva's grace]
 13131 | D:9      | Reached **** piety under Jiyva
 13425 | Lair:1   | Entered Level 1 of the Lair of Beasts
 13436 | Lair:1   | Got a glittering amber ring
 13504 | Lair:1   | Noticed a cane toad
 13504 | Lair:1   | Reached skill level 5 in Evocations
 13510 | Lair:1   | Killed a cane toad
 13510 | Lair:1   | Reached XP level 10. HP: 37/37 MP: 18/18
 13517 | Lair:1   | Noticed a cane toad
 13523 | Lair:1   | Reached skill level 5 in Unarmed Combat
 13530 | Lair:1   | Noticed a cane toad
 13544 | Lair:1   | Mangled by a cane toad
 13545 | Lair:1   | Reached XP level 9. HP: -8/34 MP: 15/17
 13583 | Lair:1   | Noticed a cane toad
 13609 | Lair:1   | Learned a level 9 spell: Absolute Zero
 13615 | Lair:1   | Noticed a four-headed hydra
 13759 | Lair:1   | Killed a four-headed hydra
 13759 | Lair:1   | Reached skill level 10 in Stealth
 13881 | Lair:1   | Killed a cane toad
 13972 | Lair:1   | Lost mutation: Your system is resistant to poisons. (rPois)
                  | [Jiyva's grace]
 14026 | Lair:1   | Noticed an oklob plant
 14058 | Lair:1   | Killed a cane toad
 14443 | Lair:1   | Killed a cane toad
 14467 | Lair:1   | Noticed a cane toad
 14474 | Lair:1   | Killed a cane toad
 14474 | Lair:1   | Reached skill level 10 in Ice Magic
 14474 | Lair:1   | Reached XP level 10. HP: 37/37 MP: 18/18
 14753 | Lair:1   | Noticed an oklob plant
 14753 | Lair:1   | Noticed an oklob plant
 14791 | Lair:2   | Reached skill level 10 in Dodging
 14791 | Lair:2   | Reached skill level 11 in Stealth
 14881 | Lair:1   | Identified the ring of False Pretenses {Ice rPois Dex+8
                  | Stlth-} (You found it on level 1 of the Lair of Beasts)
 14886 | Lair:1   | Reached ***** piety under Jiyva
 14892 | Lair:1   | Gained mutation: You are robust. (+10% HP) [Jiyva's grace]
 14954 | Lair:2   | Noticed a boulder beetle
 15028 | Lair:2   | Reached skill level 12 in Stealth
 15028 | Lair:2   | Reached XP level 11. HP: 44/44 MP: 17/19
 15229 | Lair:2   | Noticed an eight-headed hydra
 15577 | Lair:2   | Lost mutation: You are robust. (+10% HP) [Jiyva's grace]
 15618 | Lair:2   | Found a transporter.
 15620 | Lair:2   | Found a transporter.
 15621 | Lair:2   | Noticed a boulder beetle
 15904 | Lair:2   | Killed an eight-headed hydra
 16957 | D:10     | Entered Level 10 of the Dungeon
 17139 | D:10     | Found a staircase to the Orcish Mines.
 17291 | D:10     | Gained mutation: You have a small jelly attached to you
                  | that may absorb incoming projectiles. [Jiyva's grace]
 17377 | D:10     | Reached skill level 13 in Stealth
 17398 | D:10     | Gained mutation: You are frail. (-10% HP) [Jiyva's grace]
 17491 | D:10     | Reached ****** piety under Jiyva
 18042 | D:11     | Noticed a boulder beetle
 18059 | D:11     | Found a runed translucent door.
 18059 | D:11     | Noticed a red ugly thing
 18061 | D:11     | Noticed a tengu reaver
 18140 | D:11     | Slain by a troll

Illustrated notes

Levels and vault maps discovered:
D:1:      dpeg_arrival_rooms_with_view, layout_rooms
D:2:      kennysheep_big_flooded_room, layout_loops_corners,
          makhleb_blood_cavern_becter
D:3:      layout_basic, nicolae_tso_carved_into_rock
D:4:      layout_rooms, old_standard_altar, cheibrodos_sewer_entry_bend,
          kennysheep_generic_room_9, uniq_edmund
D:5:      layout_basic, skrybe_limestone_x, uniq_blork_the_orc
D:6:      layout_cave_pools, kennysheep_little_box, vehumet_crystals,
          nicolae_overflow_hidden_temple
D:7:      layout_basic, minmay_temple_entry_mini_moons, serial_shops, shop
D:8:      layout_loops_ring, nicolae_overflow_crystal_walls,
          lemuel_coloured_pillars_altar, serial_undead, serial_undead_e,
          serial_undead_a, serial_undead_d, serial_undead_c, uniq_psyche,
          uniq_joseph
D:9:      layout_loops_ring, erik_lair_orcish_takeover, serial_shops, shop,
          nicolae_alphabet_shops
D:10:     layout_loops_corners, orc_0_dummy, minivault_5
D:11:     layout_stronghold, serial_shops, nicolae_shop_crystal,
          minmay_st_funbox, nicolae_ashenzari_panopticon
Temple:   pf_slime_end_temple
Lair:1:   dpeg_oklob_gauntlet, layout_regular_city, grunt_megastairs_4
Lair:2:   gammafunk_boulding_lane, layout_long_grid, guppyfry_lair_drakes,
          serial_bayou_shore_b, grunt_megastairs_5, lemuel_fruit_fields,
          infiniplex_staircase_pool
Lair:3:   layout_cave_pods, shoals_dummy_entry,
          minmay_snake_entry_guardpost_small, eino_house_with_fridge,
          serial_bayou_shore_b, grunt_megastairs_1

Skill      XL: |  1  2  3  4  5  6  7  8  9 10 11 |
---------------+----------------------------------+-----
Stealth        | 3 4 5 6 7 10 12 13 | 13.1
Dodging        | 3 4 5 6 9 10 11 | 11.9
Ice Magic      | 4 5 6 8 10 | 10.0
Spellcasting   | 3 4 5 |  5.0
Unarmed Combat | 1 4 3 7 8 |  8.3
Evocations     | 4 5 |  5.0

Action                   |  1- 3 |  4- 6 |  7- 9 | 10-12 || total
-------------------------+-------+-------+-------+-------++-------
Melee: Unarmed           |    13 |    27 |   366 |   130 ||   536
       Bite              |     1 |     2 |    20 |    18 ||    41
       Punch             |       |       |     2 |     4 ||     6
 Cast: Freeze            |    70 |    56 |   141 |    15 ||   282
       Frozen Ramparts   |       |    17 |    53 |    23 ||    93
 Abil: Evoke Invisibilit |       |       |     9 |     1 ||    10
Evoke: Wand              |       |       |       |     1 ||     1
       Condenser vane    |       |       |       |     1 ||     1
  Use: Scroll            |       |     7 |     8 |       ||    15
       Potion            |       |       |     1 |       ||     1
 Stab: Sleeping          |     3 |    11 |    38 |    29 ||    81
       Invisible         |       |       |    18 |       ||    18
       Distracted        |       |       |     1 |       ||     1
Armor: Skin              |     2 |     4 |    13 |     3 ||    22
Dodge: Dodged            |    76 |   108 |   518 |   203 ||   905

Table legend: (Time is in decaauts)
 A = Elapsed time spent in this place.
 B = Non-inter-level travel time spent in this place.
 C = Inter-level travel time spent in this place.
 D = Time resting spent in this place.
 E = Time spent auto-exploring this place.
 F = Levels seen in this place.
 G = Mean time per level.
                   A        B        C        D        E       F      G
               +--------+--------+--------+--------+--------+-----+--------+
         Total |  16347 |  15855 |    492 |   1426 |  11486 |  16 | 1021.7 |
       Dungeon |  12254 |  11938 |    316 |   1124 |   8613 |  11 | 1114.0 |
        Temple |    122 |    114 |      8 |      0 |    102 |   1 |  122.0 |
          Lair |   3132 |   2964 |    168 |    118 |   2243 |   3 | 1044.0 |
         Sewer |    838 |    838 |      0 |    184 |    527 |   1 |  838.0 |
               +--------+--------+--------+--------+--------+-----+--------+

Top non-repeatable levels by time:
     D:5: 2565 daAuts
  Lair:1: 1608 daAuts
     D:4: 1564 daAuts
  Lair:2: 1446 daAuts
     D:1: 1322 daAuts
     D:2: 1175 daAuts
     D:8: 1121 daAuts
     D:6: 982 daAuts
     D:3: 942 daAuts
    D:10: 876 daAuts
   Sewer: 838 daAuts
     D:9: 828 daAuts
     D:7: 759 daAuts
  Temple: 122 daAuts
    D:11: 117 daAuts
